 Dungeon Crawl Stone Soup version 0.18.1-5-g4a78601 (webtiles) character file.

70 LORDOFBUTT the Skirmisher (level 4, 0/41 HPs)
             Began as a Minotaur Berserker on May 13, 2016.
             Was a Believer of Trog.
             Killed by divine providence
             ... invoked by an orc priest
              (12 damage)
             ... on level 3 of the Dungeon.
             The game lasted 00:01:23 (1250 turns).

LORDOFBUTT the Skirmisher (Minotaur Berserker)      Turns: 1250, Time: 00:01:24

Health: 0/41       AC: 10    Str: 21    XL:     4   Next: 3%
Magic:  3/3        EV:  8    Int:  4    God:    Trog [**....]
Gold:   150        SH:  0    Dex: 11    Spells: 0 memorised, 3 levels left

rFire  . . .     SeeInvis .     a - +0 hand axe
rCold  . . .     Gourm    .     l - +0 chain mail
rNeg   . . .     Faith    .     (no shield)
rPois  .         Spirit   .     (helmet restricted)
rElec  .         Dismiss  .     n - +0 cloak
rCorr  .         Reflect  .     (no gloves)
SustAt .         Harm     .     (no boots)
MR     .....                    (no amulet)
Stlth  ..........               (no ring)
                                (no ring)

@: not resistant to hostile enchantments, extremely unstealthy
A: retaliatory headbutt, horns 2
a: Berserk, Trog's Hand, Burn Spellbooks, Renounce Religion


You were on level 3 of the Dungeon.
You worshipped Trog.
Trog was pleased with you.
You were very hungry.

You visited 1 branch of the dungeon, and saw 3 of its levels.

You collected 150 gold pieces.

Inventory:

Hand Weapons
 a - a +0 hand axe (weapon)
Armour
 l - a +0 chain mail (worn)
 n - a +0 cloak (worn)
Scrolls
 d - 3 scrolls of identify {unknown}
 f - a scroll of recharging {unknown}
 h - a scroll of teleportation {unknown}
 j - a scroll of amnesia {unknown}
 o - a scroll of fog {unknown}
 p - a scroll of remove curse {unknown}
Potions
 b - 2 potions of flight {unknown}
 e - a potion of cancellation {unknown}
 i - a potion of agility {unknown}
 k - 2 potions of brilliance {unknown}
 m - 2 potions of resistance {unknown}
Comestibles
 c - a bread ration
 g - a slice of pizza


   Skills:
 + Level 4.6 Fighting
 + Level 4.5 Axes
 + Level 2.7 Armour
 + Level 2.9 Dodging


You had 3 spell levels left.
You didn't know any spells.

Dungeon Overview and Level Annotations

Branches:
Dungeon (3/15)

Altars:
Fedhas
Nemelex Xobeh
Zin


Innate Abilities, Weirdness & Mutations

You reflexively headbutt those who attack you in melee.
You have a pair of horns on your head.


Message History

You hit the orc. You headbutt the orc.
You kill the orc!
Trog accepts your kill.
The orc priest looks braver for a moment.
You hit the orc priest.
The orc priest is lightly wounded.
The orc priest hits you with a hand axe.
You closely miss the orc priest. Your headbutt misses the orc priest.
The orc priest is lightly wounded.
The orc priest hits you but does no damage.
You closely miss the orc priest.
The orc priest is lightly wounded.
The orc priest hits you with a hand axe.
* * * LOW HITPOINT WARNING * * *
You are too injured to fight recklessly!
You hit the orc priest. You headbutt the orc priest.
The orc priest is heavily wounded.
The orc priest invokes the aid of Beogh against you.
Beogh smites you!
You die...

## ... ##### ....
## #...########.#
....#
#.##......@o....#
....
#.....##########
..###...........
#.#.##..##.####
#.###..# .. #.#
##... ## .# #.#
#.#.# .. #.#
#.#.# .# ####.#
#.# #


You could see an orc priest.

Vanquished Creatures
  2 adders (D:2)
  A dart slug (D:1)
  3 giant geckos
  4 orcs (D:3)
  2 bats
  3 giant cockroaches
  4 hobgoblins
  3 jackals (D:1)
  3 kobolds
  A quokka (D:2)
  3 ball pythons
  3 giant newts (D:1)
  5 goblins
  6 rats
43 creatures vanquished.

Notes
Turn   | Place    | Note
--------------------------------------------------------------
     0 | D:1      | LORDOFBUTT the Minotaur Berserker began the quest for the Orb.
     0 | D:1      | Reached XP level 1. HP: 19/19 MP: 0/0
    72 | D:1      | Reached XP level 2. HP: 15/27 MP: 1/1
   239 | D:1      | Reached ** piety under Trog
   618 | D:2      | Reached XP level 3. HP: 33/33 MP: 2/2
   639 | D:2      | Found a sparkling altar of Nemelex Xobeh.
   782 | D:2      | Found a glowing silver altar of Zin.
   782 | D:2      | Found a blossoming altar of Fedhas.
  1244 | D:3      | Reached XP level 4. HP: 17/41 MP: 3/3
  1250 | D:3      | Killed from afar by an orc priest

Skill      XL: |  1  2 |
---------------+-------+-----
Axes           | 4 |  4.5
Fighting       | 4 |  4.6
Armour         | |  2.7
Dodging        | |  2.9

Action                   |  1- 3 |  4- 6 || total
-------------------------+-------+-------++-------
Melee: Hand axe          |    91 |     6 ||    97
       Headbutt          |    10 |     2 ||    12
Armor: Animal skin       |     2 |       ||     2
       Chain mail        |    38 |     1 ||    39
Dodge: Dodged            |    41 |     1 ||    42
